[Event "*** Titled Tuesday Blitz"]
[Site "Chess.com"]
[Date "2020.04.28"]
[Round "9"]
[White "aakankshachess"]
[Black "GMStefanova"]
[Result "0-1"]
[WhiteElo "2491"]
[BlackElo "2713"]
[TimeControl "180+1"]
[EndTime "11:47:27 PDT"]
[Termination "GMStefanova won on time"]

1. e4 e5 2. Bc4 Nf6 3. d3 Nc6 4. Nc3 Bc5 5. f4 O-O 6. Nf3 d6 7. f5 Na5 8. Bg5 Nxc4 9. dxc4 c6 10. Qd2 Kh8 11. h4 Bb4 12. Bxf6 Qxf6 13. g4 d5 14. cxd5 cxd5 15. exd5 e4 16. Nd4 e3 17. Qxe3 Bxf5 18.
O-O-O Bxg4 19. Rdf1 Qa6 20. a3 Bxc3 21. Qxc3 Rac8 22. Qg3 h5 23. Kb1 Qc4 24. Rf4 Qxd5 25. Rg1 Rfd8 26. Nb3 f6 27. Qe3 a5 28. Rd4 Qf5 29.
Rxd8+ Rxd8 30. Qc3 a4 31. Nc1 Rc8 32. Qd2 b5 33. Nd3 Qd5 34. Re1 Bf5 35. Qe2 Bxd3 36. cxd3 Rd8 37. Rd1 Qf5 38. Ka1 Qg4 39. Qe1 Rd4 40.
Qe8+ Kh7 41. Re1 Rxd3 42. Qxb5 Rd1+ 43. Rxd1 Qxd1+ 44. Ka2 Kh6 45. Qf5 Qb3+ 46. Ka1 Qc4 47. Qf2 Qg4 48. Qd2+ Kh7 49. Qc2+ g6 50. Qc7+ Kh6 51.
Qc1+ g5 52. hxg5+ Qxg5 53. Qc4 Qg4 54. Qf7 Qf3 55. Qf8+ Kg5 56. Qg7+ Kh4 57. Qg1 Qg4 58. Qh2+ Kg5 59. Qd2+ Qf4 60. Qg2+ Kh6 0-1

[Event "*** Titled Tuesday Blitz"]
[Site "Chess.com"]
[Date "2020.04.28"]
[Round "9"]
[White "keepitcool9499"]
[Black "PetrolulSah"]
[Result "1-0"]
[WhiteElo "2455"]
[BlackElo "2224"]
[TimeControl "180+1"]
[EndTime "11:47:27 PDT"]
[Termination "keepitcool9499 won by checkmate"]

1. d4 Nf6 2. c4 e6 3. Nc3 d5 4. Nf3 Be7 5. e3 O-O 6. Bd3 Nbd7 7. O-O b6 8. e4 dxe4 9. Nxe4 Bb7 10. Nc3 c5 11. d5 exd5 12. cxd5 Nxd5 13. Nxd5 Bxd5 14. Bxh7+ Kxh7 15. Qxd5 Nf6 16. Ng5+ Kg8 17. Qf5 Qd7 18.
Qc2 Rad8 19. Bf4 Qd3 20. Qxd3 Rxd3 21. Rfe1 Bd6 22. Bxd6 Rxd6 23. Re7 Rfd8 24. Kf1 Rd1+ 25. Rxd1 Rxd1+ 26. Ke2 Rd7 27. Rxd7 Nxd7 28. Kd3 f6 29. Nf3 b5 30. Ke4 Nb6 31. Nd2 Kf7 32. Nb3 c4 33.
Nd4 a6 34. b3 g6 35. bxc4 Nxc4 36. Kd5 Ke7 37. Nc6+ Kf7 38. Nb8 a5 39. Kc5 Na3 40. Nc6 a4 41. Kb4 Nc2+ 42. Kxb5 a3 43. Kc4 Ke6 44. Nd4+ Nxd4 45. Kxd4 Kf5 46. Kc3 Ke4 47. Kb3 Kd3 48. Kxa3 Ke2 49. Kb3 Kxf2 50. g4 g5 51. a4 Kg2 52. a5 Kxh2 53. a6 Kg3 54. a7 Kxg4 55. a8=Q f5 56. Qg2+ Kh4 57. Kc3 f4 58.
Kd3 g4 59. Ke4 f3 60. Qh2+ Kg5 61. Qf4+ Kh4 62. Ke3 Kh3 63. Kf2 g3+ 64. Qxg3# 1-0

[Event "*** Titled Tuesday Blitz"]
[Site "Chess.com"]
[Date "2020.04.28"]
[Round "9"]
[White "BakaPG"]
[Black "Suleyman_Chess06"]
[Result "1-0"]
[WhiteElo "2671"]
[BlackElo "2368"]
[TimeControl "180+1"]
[EndTime "11:47:28 PDT"]
[Termination "BakaPG won by checkmate"]

1. e4 e6 2. d4 d5 3. e5 c5 4. c3 Nc6 5. Nf3 Qb6 6. a3 c4 7.
Nbd2 Na5 8. g3 Bd7 9. h4 Ne7 10.
Bh3 Qc6 11. O-O Nc8 12. Re1 Nb6 13. Nf1 Nb3 14. Rb1 O-O-O 15. Bf4 a5 16. Ne3 h6 17. h5 Be7 18. g4 g5 19. Bg3 Rdf8 20. Qe2 Rhg8 21. Bg2 Bd8 22. Rf1 Bc7 23. Rbe1 Kb8 24.
Nh2 f5 25. exf6 Rxf6 26. Nf3 Bf4 27. Ne5 Qc7 28. Bh1 Be8 29. Ng2 Nd7 30. Nxf4 gxf4 31.
Bh4 Nxe5 32. dxe5 Rff8 33. Kh2 Nc5 34. Bf3 Nd3 35. Bf6 Nxe1 36. Rxe1 Qh7 37. Qd2 Qd3 38.
Qxf4 Qc2 39. Re2 Qb1 40. Qxh6 Ba4 41. Qd2 Qd1 42. Qxd1 Bxd1 43. Kg3 Bxe2 44. Bxe2 Kc7 45. f4 Kd7 46. g5 Ke8 47. h6 Kf7 48. Bh5+ Rg6 49.
h7 Rc8 50. h8=Q Rxh8 51. Bxh8 b5 52. Bf6 d4 53. cxd4 b4 54. axb4 axb4 55. d5 c3 56. bxc3 b3 57. dxe6+ Kg8 58. Bxg6 b2 59. e7 b1=Q 60.
e8=Q# 1-0

[Event "*** Titled Tuesday Blitz"]
[Site "Chess.com"]
[Date "2020.04.28"]
[Round "9"]
[White "Nafania1"]
[Black "skoularikii"]
[Result "1-0"]
[WhiteElo "2395"]
[BlackElo "2501"]
[TimeControl "180+1"]
[EndTime "11:47:32 PDT"]
[Termination "Nafania1 won by resignation"]

1. e4 e5 2. Nf3 Nc6 3. Bb5 a6 4. Ba4 b5 5. Bb3 Nf6 6. O-O Bc5 7. c3 d6 8. d4 Bb6 9. Be3 O-O 10. Nbd2 h6 11. dxe5 dxe5 12. Qe2 Qe7 13. Bxb6 cxb6 14. Rfd1 Be6 15. Nf1 Na5 16. Bxe6 Qxe6 17. Ng3 Rfd8 18. h3 Nc4 19. b3 Na5 20. Rxd8+ Rxd8 21. Rd1 Rd7 22.
Rxd7 Nxd7 23. Qd2 Nc6 24. Qd5 Qxd5 25. exd5 Ne7 26. c4 bxc4 27. bxc4 f6 28. Ne4 Nc8 29.
g4 g6 30. Nh4 Kf7 31. Kf1 Nc5 32.
Nxc5 bxc5 33. Ke2 e4 34. Kd2 Nd6 35. Kc3 f5 36. gxf5 gxf5 37. Ng2 Kf6 38. Nf4 Ke5 39. Ne6 Nb7 40. Nc7 f4 41. Nxa6 f3 42. Kd2 Kd4 43.
Nc7 Kxc4 44. Ke3 Nd6 45. a4 Kb4 46. Nb5 Nxb5 47. axb5 Kxb5 48. Kxe4 c4 49. Kd4 Kb4 50. d6 c3 51. d7 c2 52. d8=Q c1=Q 53. Qb8+ Ka4 54.
Qa7+ Kb5 55. Qb7+ Ka5 56. Qa7+ Kb4 57. Qb6+ Ka4 58. Qa6+ Kb4 59. Qd6+ Ka4 60. Qd7+ Kb4 61. Qb7+ Ka4 62. Qxf3 Qb2+ 63. Ke4 Qb7+ 64. Kf4 Qc7+ 65. Kg4 Qg7+ 66. Kf4 Qc7+ 67. Ke3 Qc3+ 68. Kf4 Qf6+ 69. Kg3 Qd6+ 70. Qf4+ Qb4 71. Qxb4+ Kxb4 72. Kg4 Kc5 73. Kh5 Kd5 74. Kxh6 Ke5 75. Kg5 Ke6 76. f4 Kf7 77. f5 Kg7 78. f6+ 1-0

[Event "*** Titled Tuesday Blitz"]
[Site "Chess.com"]
[Date "2020.04.28"]
[Round "9"]
[White "imdarealist"]
[Black "AshotParvanyan"]
[Result "1/2-1/2"]
[WhiteElo "2304"]
[BlackElo "2460"]
[TimeControl "180+1"]
[EndTime "11:47:32 PDT"]
[Termination "Game drawn by stalemate"]

1. d4 Nf6 2. Bf4 g6 3. e3 Bg7 4.
Nf3 O-O 5. h3 d6 6. c3 Nc6 7.
Bh2 Ne4 8. a4 e5 9. Be2 Qe7 10.
O-O f5 11. Nbd2 Nxd2 12. Nxd2 e4 13. b4 g5 14. a5 Bd7 15. b5 Nd8 16. c4 Ne6 17.
Rb1 Rae8 18. b6 axb6 19. axb6 c5 20. Nb3 cxd4 21. exd4 f4 22. Bg4 Nd8 23. c5 d5 24.
Na5 Bxg4 25. Qxg4 Bxd4 26. Rfd1 Qf6 27. Rxd4 Qxd4 28. Qxg5+ Qg7 29. Bxf4 Qxg5 30. Bxg5 Ne6 31. Bd2 Nxc5 32. Bb4 Rc8 33. Nb3 Nxb3 34. Bxf8 Kxf8 35. Rxb3 Ke7 36. f3 exf3 37. Rxf3 Rc6 38. Rb3 Kd6 39.
Kf2 Kc5 40. Ke3 Rxb6 41. Rc3+ Kd6 42. Ra3 Rb4 43. g4 Re4+ 44. Kd3 Re7 45. Rb3 Ke5 46. Rb6 Kf4 47. Rh6 Ke5 48. Rb6 Kf4 49. Rh6 b5 50.
Rb6 Kg3 51. Rxb5 Kxh3 52. g5 Kg4 53. Rxd5 Rg7 54. Ke3 Rxg5 55. Rxg5+ Kxg5 56. Kf3 Kh4 57. Kg2 Kg4 58. Kh2 h5 59. Kg2 h4 60. Kh2 h3 61. Kg1 Kg3 62. Kh1 h2 1/2-1/2

[Event "*** Titled Tuesday Blitz"]
[Site "Chess.com"]
[Date "2020.04.28"]
[Round "9"]
[White "kuba2006"]
[Black "MarcoRiehle"]
[Result "0-1"]
[WhiteElo "2406"]
[BlackElo "2567"]
[TimeControl "180+1"]
[EndTime "11:47:33 PDT"]
[Termination "MarcoRiehle won on time"]

1. e4 e5 2. Nf3 Nf6 3. Nxe5 Nxe4 4. Qe2 Qe7 5. Qxe4 d6 6. d4 dxe5 7. Qxe5 Qxe5+ 8. dxe5 Bf5 9. Bd3 Bxd3 10. cxd3 Nc6 11.
f4 Nb4 12. Na3 Nxd3+ 13. Ke2 Nxc1+ 14. Raxc1 Bxa3 15. bxa3 O-O-O 16. Ke3 Rd5 17. Rhd1 Ra5 18. Rc3 Re8 19. Rdc1 c6 20. Kf3 f6 21. exf6 gxf6 22.
Rd1 Kc7 23. Rcd3 Re7 24. g3 Rc5 25. R1d2 b5 26. Kg4 a5 27. Kf3 Rc1 28. h4 h5 29.
g4 Rf1+ 30. Kg2 Rxf4 31. gxh5 Rxh4 32. Rh3 Rg4+ 33. Rg3 Rh4 34. Rh3 Rg7+ 35. Kh2 Rhg4 36. h6 Rh7 37. Rg2 Rxg2+ 38. Kxg2 Kd6 39. Kf3 c5 40.
Kg4 c4 41. Kf5 c3 42. Kg6 Rc7 43. h7 c2 44. h8=Q c1=Q 45. Qd8+ Kc6 46. Qxf6+ Kb7 47. Qf3+ Qc6+ 48. Qxc6+ Rxc6+ 49. Kf5 Rc2 50. Ke4 Rxa2 51. Kd4 Rc2 52. Rh7+ Kb6 53. Rh6+ Rc6 54. Rh5 Rc4+ 55.
Kd3 a4 56. Rh6+ Ka5 57. Rh8 Rc1 58. Ra8+ Kb6 59. Rb8+ Ka6 60. Ra8+ Kb7 61. Rh8 Ra1 62. Kc3 Rxa3+ 63. Kb2 Rb3+ 64. Ka2 Kb6 65. Rb8+ Ka5 66. Ra8+ Kb4 67. Rh8 Rg3 68. Rh4+ Ka5 69. Rh5 a3 70. Rf5 Ka4 71. Rf4+ b4 72. Re4 Rg2+ 73. Ka1 Rd2 74. Rf4 Kb3 75. Rf3+ Kc4 76. Rf4+ Rd4 77. Rf1 b3 78.
Rc1+ Kb4 79. Rg1 Rc4 80. Kb1 a2+ 81. Ka1 Ka3 82. Rf1 Rc1+ 0-1

[Event "*** Titled Tuesday Blitz"]
[Site "Chess.com"]
[Date "2020.04.28"]
[Round "9"]
[White "Pawnpusherschessaccademy"]
[Black "Hasangatin_Ramil"]
[Result "0-1"]
[WhiteElo "2255"]
[BlackElo "2461"]
[TimeControl "180+1"]
[EndTime "11:47:33 PDT"]
[Termination "Hasangatin_Ramil won on time"]

1. e4 c5 2. Nf3 Nf6 3. e5 Nd5 4. Nc3 Nxc3 5. bxc3 Nc6 6. d4 d6 7. Bb5 Bd7 8. exd6 exd6 9. O-O Be7 10. d5 Ne5 11. Bxd7+ Nxd7 12. Bf4 O-O 13. Re1 Re8 14. a4 Bf8 15. a5 Qf6 16. Qd2 h6 17. h4 Qf5 18.
Rab1 b6 19. Ra1 b5 20. a6 Nb6 21. Red1 Nc4 22. Qc1 Re2 23. Ra2 Rae8 24. Bg3 g6 25.
Qf4 Qxf4 26. Bxf4 Bg7 27. Rb1 Rb8 28. Ra4 Re4 29. Bg3 bxa4 30. Rxb8+ Kh7 31. Rb1 a3 32. Ra1 Bxc3 33. Ra2 Bb2 34. Kf1 Kg8 35. Ne1 Kf8 36. Nd3 Ke8 37. f3 Re7 38. Bf4 h5 39. Bc1 Bxc1 40.
Nxc1 Kd7 41. Ne2 Re8 42. Nc3 Rb8 43. Ke2 Rb2 44. Kd3 Rxa2 45. Nxa2 Nb2+ 46. Kc3 Nd1+ 47.
Kb3 Ne3 48. c4 Nxg2 49. Kxa3 Nxh4 50. Nc3 Nxf3 51. Nb5 Nd2 52. Nxa7 Nxc4+ 53. Ka4 Nb6+ 54. Kb5 Na8 55. Nc6 h4 56. a7 Kc7 57. Ka6 h3 58.
Na5 h2 59. Nb7 h1=Q 0-1

[Event "*** Titled Tuesday Blitz"]
[Site "Chess.com"]
[Date "2020.04.28"]
[Round "9"]
[White "ChessMavenYeti"]
[Black "tamarozi99"]
[Result "1-0"]
[WhiteElo "2164"]
[BlackElo "1949"]
[TimeControl "180+1"]
[EndTime "11:47:33 PDT"]
[Termination "ChessMavenYeti won by resignation"]

1. d4 Nf6 2. c4 g6 3. g3 Bg7 4. Bg2 O-O 5. e4 d6 6. Nc3 e5 7. Nf3 exd4 8. Nxd4 c6 9. O-O a5 10. Nb3 a4 11. Nd2 Nfd7 12. Nxa4 Qa5 13. Nc3 Na6 14. Rb1 Nb4 15. Nb3 Qc7 16. Bf4 Ne5 17. a3 Nbd3 18. Bxe5 Nxe5 19. c5 dxc5 20. Nxc5 b6 21.
Nb3 Be6 22. Nd4 Bc4 23. Re1 Rfd8 24. b3 Bd3 25. Rb2 Rxd4 26. f4 Nd7 27. Rd2 Rxa3 28.
Rxd3 Rxd3 29. Qxd3 Rxb3 30. Nd5 Rxd3 31. Nxc7 Bd4+ 32.
Kf1 Rd2 33. Re2 Rd1+ 34. Re1 Rd2 35. Re2 Rxe2 36. Kxe2 Bg1 37. h3 c5 38. g4 Bh2 39.
Kf3 g5 40. Nd5 gxf4 41. Nxf4 Ne5+ 42. Ke3 Bg1+ 43. Kd2 b5 44. Nd5 b4 45. Bf1 Bd4 46. Bb5 Nf3+ 47. Kd3 Ne1+ 48. Kc4 Nc2 49. Ba4 Na3+ 50.
Kd3 Kg7 51. Nxb4 cxb4 52. Kxd4 Nb1 53. e5 Nc3 54. Bb3 Kg6 55. h4 h5 56. g5 Ne2+ 57. Ke3 Ng3 58. Kf4 Nf5 59. Bc2 b3 60.
Bxf5+ Kg7 61. Bb1 b2 62. Kf5 Kf8 63. Kf6 Ke8 64. e6 fxe6 65. Kxe6 Kf8 66. Kf6 Kg8 67. g6 Kf8 68. g7+ Kg8 69. Ba2+ 1-0

[Event "*** Titled Tuesday Blitz"]
[Site "Chess.com"]
[Date "2020.04.28"]
[Round "9"]
[White "Zkid"]
[Black "Carnivoras"]
[Result "1-0"]
[WhiteElo "2816"]
[BlackElo "2647"]
[TimeControl "180+1"]
[EndTime "11:47:34 PDT"]
[Termination "Zkid won by resignation"]

1. e4 e5 2. Nf3 d6 3. d4 exd4 4. Nxd4 Nf6 5. Nc3 Be7 6. Be2 O-O 7. O-O Nc6 8. Re1 Nxd4 9. Qxd4 Be6 10. Be3 d5 11. Rad1 dxe4 12. Qe5 Bd6 13. Qb5 b6 14. Bg5 h6 15. Bxf6 Qxf6 16. Nxe4 Bxh2+ 17. Kxh2 Qh4+ 18. Kg1 Qxe4 19. Bf3 Qxc2 20. Rc1 Qd2 21. Red1 Qf4 22. Bxa8 Rxa8 23. Qc6 Rc8 24. a3 Qf6 25. Qb7 Qxb2 26. Qxa7 Qe2 27. Re1 Qd2 28. Qb7 Qd6 29. Rc6 Qd7 30.
Rec1 Bd5 31. Rd6 Qxd6 32. Qxc8+ Kh7 33. Rd1 Qe6 34. Qxc7 Bxg2 35. Qg3 Be4 36. Re1 Qf5 37. Rd1 b5 38. Re1 Bd3 39. Re5 Qg6 40. Qxg6+ Kxg6 41. f3 Kf6 42. Rd5 Bc4 43. Rc5 Bd3 44. Kf2 g6 45.
Ke3 Bf1 46. Rc1 Bh3 47. Rc6+ Ke7 48. Kf4 Bd7 49. Rb6 Kd8 50. Ke5 Kc7 51. Rd6 Be6 52. Rd1 h5 53. f4 h4 54. Kd4 h3 55. Kc5 Bc4 56. Rh1 Be6 57. Kxb5 Kd6 58. a4 Kd5 59. Re1 Kd4 60. Rh1 Ke4 61. a5 Kxf4 62.
a6 Kg3 63. Rd1 h2 64. a7 Bd5 65. Rxd5 h1=Q 66. a8=Q Qb1+ 67. Kc6 Qc2+ 68. Kd7 Qe4 69.
Rg5+ Kf4 70. Rg4+ 1-0

[Event "*** Titled Tuesday Blitz"]
[Site "Chess.com"]
[Date "2020.04.28"]
[Round "9"]
[White "MFBerna"]
[Black "IAgrest"]
[Result "1-0"]
[WhiteElo "2437"]
[BlackElo "2268"]
[TimeControl "180+1"]
[EndTime "11:47:35 PDT"]
[Termination "MFBerna won on time"]

1. d4 Nf6 2. Nf3 g6 3. g3 Bg7 4. Bg2 O-O 5. O-O d6 6. c4 Nbd7 7. Nc3 a6 8. e4 e5 9. Re1 exd4 10. Nxd4 Ng4 11. Qxg4 Bxd4 12. Qd1 Bg7 13. Be3 Ne5 14. Qe2 c6 15. Rad1 Qe7 16. h3 b5 17. cxb5 axb5 18. a3 Ba6 19. Qc2 Rfe8 20. Kh2 Rad8 21. Ne2 Bb7 22. Bc1 c5 23. Nc3 Qf6 24. Nxb5 Bc6 25.
Nc7 Re7 26. Nd5 Bxd5 27. Rxd5 Nc6 28. Be3 h6 29. Red1 Red7 30. b4 Nd4 31. Bxd4 cxd4 32. Qe2 Qe6 33. a4 Ra7 34. a5 Re8 35. R5xd4 Bxd4 36. Rxd4 Qe5 37. Qd2 Rb7 38. Rxd6 Qb5 39. Rd8 Rb8 40. Rxb8 Rxb8 41. e5 Qxe5 42. Qd7 Rxb4 43. Qc8+ Kg7 44. Qc2 Qxa5 45. h4 Qb6 46. Qc3+ Kg8 47. Qc8+ Kg7 48. Qc3+ Kh7 49. Qf3 Qe6 50.
Kg1 Rb1+ 51. Kh2 Rb2 52. Bh3 Qe7 53. Kg2 Rd2 54. h5 Qc7 55. hxg6+ fxg6 56. Be6 Qe7 57. Bc4 Rd6 58. Bd3 Rf6 59. Qd5 Kg7 60. Bc4 Qf8 61. Qd7+ Kh8 62. Qd4 Kg7 63. g4 1-0

[Event "*** Titled Tuesday Blitz"]
[Site "Chess.com"]
[Date "2020.04.28"]
[Round "9"]
[White "avantage_ru"]
[Black "Fh2411"]
[Result "1-0"]
[WhiteElo "2638"]
[BlackElo "2479"]
[TimeControl "180+1"]
[EndTime "11:47:36 PDT"]
[Termination "avantage_ru won on time"]

1. g3 d5 2. Nf3 c6 3. Bg2 Nf6 4. c4 Bf5 5. cxd5 cxd5 6. Qb3 Qc7 7. Nc3 e6 8. d3 Nc6 9. Bf4 Qb6 10. Qxb6 axb6 11. Nb5 Bb4+ 12. Bd2 Bxd2+ 13. Kxd2 Kd7 14.
Rhc1 Rhc8 15. h3 Bg6 16. a3 Ne8 17. Nfd4 f6 18. f4 Ra4 19. e3 Bf7 20. h4 Ra5 21. b4 Ra4 22. Rc3 Nxd4 23. Nxd4 Rxc3 24. Kxc3 Nd6 25.
Kb2 Ra8 26. Rc1 Rc8 27. Rg1 Rc7 28. g4 e5 29. fxe5 fxe5 30. Nf3 e4 31. Ne5+ Ke6 32. d4 Nc4+ 33. Nxc4 Rxc4 34. g5 Ke7 35. Bf1 Rc8 36.
Bb5 Be6 37. h5 Rf8 38. h6 g6 39. Rc1 Kd6 40. Rf1 Rf3 41. a4 Bh3 42. Re1 Rg3 43. Rh1 Bf5 44. a5 bxa5 45. bxa5 Rxg5 46. Kc3 Rh5 47.
Rb1 Rxh6 48. Be8 Kc7 49. Kb4 Rh2 50. Rc1+ Kb8 51. Kc5 Re2 52. Rc3 h5 53. Rb3 Kc7 54. Kxd5 h4 55. Ke5 h3 56. d5 h2 57. Rb1 Rg2 58. Rh1 Bg4 59. Bxg6 Re2 60. d6+ Kd8 61. Bxe4 Rxe3 62. Kf4 Re2 63. Bxb7 Bd7 64. a6 Bc8 65. Rb1 Ra2 66. Kg3 Bd7 67. Rh1 1-0

[Event "*** Titled Tuesday Blitz"]
[Site "Chess.com"]
[Date "2020.04.28"]
[Round "9"]
[White "GukeshDommaraju"]
[Black "Gloomy_Wanderer"]
[Result "1-0"]
[WhiteElo "2775"]
[BlackElo "2820"]
[TimeControl "180+1"]
[EndTime "11:47:37 PDT"]
[Termination "GukeshDommaraju won by resignation"]

1. e4 c5 2. Nf3 a6 3. g3 b5 4.
Bg2 Bb7 5. d3 e6 6. O-O Be7 7.
Nbd2 d6 8. c3 Nf6 9. Re1 Qb6 10.
a4 O-O 11. a5 Qc7 12. d4 cxd4 13. cxd4 Rc8 14. Re3 Nc6 15. Nb3 Qd8 16. Bd2 Rc7 17. Be1 Bf8 18. h3 Rac8 19. Nh2 g6 20. Bc3 Bh6 21.
Re2 d5 22. e5 Nd7 23. f4 Bf8 24. Ng4 Ne7 25. Bb4 Nf5 26. Bxf8 Qxf8 27. Qd3 h5 28. Nf2 Qb4 29. g4 Ng7 30. Kh2 h4 31. Qd1 Nb8 32. Nd3 Qe7 33. Nbc5 Nc6 34. Qg1 b4 35.
Ra4 Rb8 36. Rc2 Bc8 37. Qc1 b3 38. Nxb3 Rxb3 39. Rxc6 Rxc6 40. Qxc6 Bd7 41. Qa8+ Kh7 42. Ra3 Rxa3 43. bxa3 Qxa3 44. Qxa6 Qc3 45. Nc5 Qxd4 46. Nxd7 Qxf4+ 47. Kg1 Qe3+ 48. Kh1 Qe1+ 49. Qf1 Qxa5 50. Qxf7 Qe1+ 51. Bf1 Qe3 52. Nf8+ Kh8 53. Nxg6+ Kh7 54. Nxh4 Qxe5 55. Qg6+ Kg8 56. Nf3 Qg3 57. Bg2 Qf4 58.
Qg5 Qg3 59. Qd8+ Kh7 60. Ng5+ Kg6 61. Nf3 Kh7 62. Qe7 Qf4 63. Qg5 Qg3 64. Qh4+ Qxh4 65. Nxh4 Ne8 66. Nf3 Nd6 67. Ng5+ 1-0

[Event "*** Titled Tuesday Blitz"]
[Site "Chess.com"]
[Date "2020.04.28"]
[Round "9"]
[White "Mr_Sinigami"]
[Black "Art10ECHR"]
[Result "1/2-1/2"]
[WhiteElo "2539"]
[BlackElo "2404"]
[TimeControl "180+1"]
[EndTime "11:47:38 PDT"]
[Termination "Game drawn by repetition"]

1. d4 Nf6 2. c4 e6 3. Nf3 d5 4. e3 a6 5. Bd3 Nbd7 6. O-O b6 7.
cxd5 exd5 8. b3 Bb7 9. Bb2 Bd6 10.
Nbd2 O-O 11. Ne5 Ne4 12. Rc1 Re8 13. Nxd7 Qxd7 14. Nf3 Qe6 15. Rc2 Qh6 16. g3 Re6 17.
Qc1 Qh5 18. Kg2 Rh6 19. Rh1 Qh3+ 20. Kg1 Rf6 21. Bf1 Qh5 22. Ne1 Re8 23. Bg2 Ng5 24. Ba3 Bxa3 25. Qxa3 Qd1 26. Qc1 Qxc1 27. Rxc1 c6 28.
Rc2 Bc8 29. h4 Ne4 30. Bf3 Bf5 31. Rb2 c5 32. dxc5 bxc5 33. Kg2 Rb6 34. Nc2 a5 35. Na3 a4 36. Rd1 Be6 37. Nb1 Reb8 38. Rc2 axb3 39. axb3 Rxb3 40. Nd2 Rd3 41. Nxe4 dxe4 42. Rxd3 exd3 43.
Rxc5 Rd8 44. Bd1 Kf8 45. Rc7 Rd7 46. Rxd7 Bxd7 47. e4 Bc6 48. Kf3 d2 49. Ke3 Ke7 50. f3 Ke6 51. Kxd2 f6 52. Ke3 g5 53. Bb3+ Ke7 54.
h5 h6 55. g4 Be8 56. Bd5 Kd6 57. Kd4 Bd7 58. Bc4 Be8 59. Be2 Bd7 60. Bd1 Be8 61. Bc2 Bd7 62. Bd3 Be8 63. Bc4 Bd7 64. Bd3 Be8 65.
Bc2 Bd7 66. Bd1 Be8 67. Be2 Bd7 68. Bd3 1/2-1/2

[Event "*** Titled Tuesday Blitz"]
[Site "Chess.com"]
[Date "2020.04.28"]
[Round "9"]
[White "SCIM"]
[Black "rogapa"]
[Result "1-0"]
[WhiteElo "2509"]
[BlackElo "2714"]
[TimeControl "180+1"]
[EndTime "11:47:39 PDT"]
[Termination "SCIM won by checkmate"]

1. d4 e6 2. c4 Nf6 3. g3 d5 4.
Nf3 Be7 5. Bg2 O-O 6. O-O dxc4 7.
Qc2 a6 8. a4 Bd7 9. Bg5 c5 10.
dxc5 Bxc5 11. Nbd2 h6 12. Bxf6 Qxf6 13. Ne4 Qe7 14.
Qxc4 Ba7 15. Ne5 Nc6 16. Nxd7 Qxd7 17. Rad1 Qe7 18. e3 Rfd8 19. Qb3 Na5 20. Qc3 Nc6 21. h4 Rd5 22. Qb3 Rad8 23. Nc3 Ra5 24. Bxc6 bxc6 25. Qc4 Rb8 26. Qxc6 Rc5 27. Qd7 Qxd7 28. Rxd7 Bb6 29. Rfd1 Ba5 30. Ne4 Rc2 31. Ra7 f5 32. Rxa6 Bc7 33. Nd6 Rbxb2 34. Rf1 Kh7 35. Kg2 Bb6 36.
Kf3 g5 37. hxg5 hxg5 38. Nb5 Kg6 39. Rxb6 Kf6 40. Rxe6+ Kxe6 41. Nd4+ Ke5 42. Nxc2 Rxc2 43. Ra1 f4 44. gxf4+ gxf4 45. a5 Kf5 46. a6 fxe3 47.
fxe3 Rc8 48. a7 Ra8 49. Ra5+ Ke6 50. e4 Kd6 51. Kf4 Kc6 52. Ra1 Kb6 53. e5 Kb7 54. Ke4 Kc6 55. Kf5 Kb7 56. e6 Rf8+ 57. Ke5 Ka8 58.
e7 Rh8 59. Ke6 Rh6+ 60. Kd7 Rh7 61. Kd8 Rg7 62. e8=Q Rb7 63. Rc1 Kxa7 64. Ra1+ Kb8 65. Qe5+ Rc7 66. Qxc7# 1-0

[Event "*** Titled Tuesday Blitz"]
[Site "Chess.com"]
[Date "2020.04.28"]
[Round "9"]
[White "Funkmaus"]
[Black "Chichin_chao"]
[Result "1/2-1/2"]
[WhiteElo "2215"]
[BlackElo "2359"]
[TimeControl "180+1"]
[EndTime "11:47:40 PDT"]
[Termination "Game drawn by repetition"]

1. d4 Nf6 2. Nf3 d6 3. g3 Nbd7 4. Bg2 e5 5. dxe5 dxe5 6. O-O c6 7. c3 Qc7 8. Nbd2 a5 9. e4 Bc5 10. Qc2 O-O 11. Nc4 Re8 12. Be3 b5 13. Bxc5 Nxc5 14.
Ncd2 Ba6 15. Rfe1 Rad8 16. Nb3 Ne6 17. Rad1 c5 18. Rxd8 Rxd8 19. Nh4 c4 20. Nd2 Nc5 21. Nf5 Bb7 22. Nf1 g6 23. Nh4 Rd3 24. f3 Qb6 25.
Kh1 Kg7 26. Ne3 Ne6 27. Qc1 h6 28. Nef5+ gxf5 29. Nxf5+ Kg8 30. Qxh6 Nh7 31. Bh3 Qf2 32. Rf1 Qd2 33. Ne7+ Kh8 34. Qh5 Rxf3 35. Qxf3 Qd3 36. Bf5 Qxf3+ 37. Rxf3 Nhg5 38. Rf1 Nxe4 39. Bxe4 Bxe4+ 40. Kg1 Kg7 41. Re1 Bd3 42. g4 Kf6 43. Nd5+ Kg5 44. h3 Kh4 45. Rxe5 Ng5 46. Re8 Kxh3 47. Ne3 Kg3 48. Rg8 Nh3+ 49. Kh1 Nf2+ 50. Kg1 Nh3+ 51. Kh1 Nf2+ 52. Kg1 Nh3+ 1/2-1/2

[Event "*** Titled Tuesday Blitz"]
[Site "Chess.com"]
[Date "2020.04.28"]
[Round "9"]
[White "Bacyanide"]
[Black "Nbk90"]
[Result "1/2-1/2"]
[WhiteElo "2407"]
[BlackElo "2549"]
[TimeControl "180+1"]
[EndTime "11:47:41 PDT"]
[Termination "Game drawn - insufficient material"]

1. d4 Nf6 2. Nf3 e6 3. Bf4 d5 4. e3 Bd6 5. Bg3 c5 6. Nbd2 Qc7 7. c3 Nbd7 8. Bd3 O-O 9. O-O e5 10. Nxe5 Nxe5 11. dxe5 Bxe5 12. Bxe5 Qxe5 13. Qf3 Bg4 14. Qg3 Qe7 15. h3 Bh5 16. Nf3 Bg6 17. Bxg6 hxg6 18. Qh4 Qe4 19. Qxe4 dxe4 20. Ne5 Rfe8 21. Ng4 Rad8 22.
Rfd1 Kf8 23. Nh2 Ke7 24. Nf1 Nd7 25. Ng3 f5 26. Rd5 c4 27. Ne2 Nb6 28. Rd4 Rxd4 29. Nxd4 Na4 30. Rb1 a6 31. Kf1 Kd6 32. Ke2 b5 33. h4 Rh8 34. g3 Rf8 35. Kd2 Kd5 36. Kc2 Nc5 37. Ne2 Nd3 38. Nf4+ Kc6 39. Rf1 Nxf4 40.
gxf4 Rh8 41. Rg1 Rxh4 42. Rxg6+ Kc5 43. Kd2 Rh2 44. Ke2 Rh1 45. Rg5 Rb1 46. Rxf5+ Kb6 47. b3 cxb3 48. axb3 Rxb3 49. Kd2 Rb2+ 50. Kc1 Rxf2 51.
Re5 a5 52. Rxe4 Kc5 53. Rd4 Re2 54. e4 b4 55. Rd5+ Kc4 56. cxb4 axb4 57. Re5 Kb3 58.
Re7 Re1+ 59. Kd2 Rf1 60. Rxg7 Rxf4 61. Ke3 Rf1 62. Rb7 Re1+ 63. Kd4 Rd1+ 64. Ke5 Kc3 65. Kf6 b3 66. e5 Rf1+ 67. Ke7 Re1 68. e6 b2 69. Kf7 b1=Q 70. Rxb1 Rxb1 71. e7 Re1 72.
e8=Q Rxe8 73. Kxe8 1/2-1/2

[Event "*** Titled Tuesday Blitz"]
[Site "Chess.com"]
[Date "2020.04.28"]
[Round "9"]
[White "Embrujada"]
[Black "jguerramzllo"]
[Result "0-1"]
[WhiteElo "2464"]
[BlackElo "2627"]
[TimeControl "180+1"]
[EndTime "11:47:42 PDT"]
[Termination "jguerramzllo won on time"]

1. b3 Nf6 2. Bb2 g6 3. Bxf6 exf6 4. c4 d5 5. cxd5 Qxd5 6. Nc3 Qd8 7. g3 Bg7 8. Bg2 O-O 9. e3 c5 10. Nge2 f5 11. Rc1 Nc6 12. O-O Nb4 13. d4 cxd4 14.
Nxd4 Bxd4 15. exd4 Rb8 16. d5 Qd6 17. Nb5 Qb6 18. Na3 Qa5 19. Nc4 Qxa2 20. Ra1 Qc2 21. Qd4 Qxb3 22. Rfb1 Nc2 23. Qc5 Nxa1 24. Rxb3 Nxb3 25.
Qa3 Nd4 26. Qxa7 Ne2+ 27. Kf1 Bd7 28. Kxe2 Bb5 29. Qc5 Ba6 30. d6 Rfc8 31. Qb6 Bxc4+ 32. Kd2 Rd8 33. Qc7 b5 34. Bc6 b4 35. d7 Be6 36.
Kc1 Kf8 37. Qd6+ Kg7 38. Kb2 Rb6 39. Qc5 Rxc6 40. Qxc6 b3 41. Qc3+ Kg8 42. Qe5 Rxd7 43. Qb8+ Kg7 44. Qe5+ Kg8 45. Qb8+ Kg7 46. Qe5+ Kf8 47.
Qb8+ Ke7 48. Qb4+ Kf6 49. Qc3+ Ke7 50. Qb4+ Ke8 51. Qb8+ Rd8 52. Qb5+ Kf8 53. Qb4+ Kg8 54. h4 h5 55. Qc3 Ra8 56. Qd4 Ra2+ 57. Kb1 Rc2 58.
Qd8+ Kh7 59. Qd3 Rxf2 60. Qe3 Rg2 61. Qf3 Rh2 62. Kc1 b2+ 63. Kb1 Bc4 64. Qc3 Bd5 0-1

[Event "*** Titled Tuesday Blitz"]
[Site "Chess.com"]
[Date "2020.04.28"]
[Round "9"]
[White "MrRooke6"]
[Black "gurelediz"]
[Result "0-1"]
[WhiteElo "2441"]
[BlackElo "2603"]
[TimeControl "180+1"]
[EndTime "11:47:44 PDT"]
[Termination "gurelediz won on time"]

1. d4 Nf6 2. Nf3 e6 3. e3 d5 4. Bd3 Bd6 5. O-O O-O 6. b3 c6 7. Bb2 Nbd7 8. Nbd2 Qc7 9. c4 e5 10. cxd5 Nxd5 11. Nc4 exd4 12. Nxd6 Qxd6 13. Nxd4 Ne5 14.
Nf5 Bxf5 15. Bxf5 Qe7 16. e4 Nb4 17. Qd4 Nbd3 18. f4 Rad8 19. Qc3 Nxb2 20. Qxb2 Nd3 21. Qe2 Qc5+ 22. Kh1 Rfe8 23. e5 Nb4 24. Rac1 Qa5 25. Bb1 Nd5 26. Rf3 g6 27. f5 Qa3 28. Rcf1 Qe7 29.
e6 g5 30. f6 Qxe6 31. Qc2 Nxf6 32. h3 Ne4 33. Rxf7 Rd2 34. Qxe4 Qxe4 35. Bxe4 Rxe4 36. Rxb7 Ree2 37. Rg1 Rxa2 38. Rd1 Red2 39. Rxd2 Rxd2 40.
Rxa7 Rb2 41. Rb7 c5 42. Rc7 Rxb3 43. Rxc5 h6 44. Kh2 Rb1 45. Re5 Kg7 46. Re3 Kf6 47.
Rf3+ Kg6 48. Rc3 Rb6 49. Rc5 Rf6 50. Rd5 h5 51. Ra5 Rf5 52. Rxf5 Kxf5 53. Kg3 Ke4 54. Kf2 Kf4 55. g3+ Ke4 56. Ke2 g4 57. hxg4 hxg4 58.
Kf2 Kd3 59. Kg2 Ke2 60. Kh2 Kf2 61. Kh1 Kxg3 62. Kg1 Kh3 63. Kh1 g3 64. Kg1 g2 65.
Kf2 Kh2 0-1